 Dungeon Crawl Stone Soup version 0.27.0-1-g7a089689b8 (webtiles) character file.

Game seed: 6755579946021739428

23 Spaninq the Caller (level 2, 0/26 HPs)
             Began as a Troll Summoner on Aug 8, 2021.
             Was a Follower of Yredelemnul.
             Slain by a gnoll (5 damage)
             ... on level 2 of the Dungeon.
             The game lasted 00:03:41 (861 turns).

Spaninq the Caller (Troll Summoner)                  Turns: 861, Time: 00:03:41

Health: 0/26       AC:  4    Str: 15    XL:     2   Next: 75%
Magic:  2/2        EV:  9    Int: 11    God:    Yredelemnul [*.....]
Gold:   1          SH:  0    Dex: 10    Spells: 2/3 levels left

rFire    . . .     SeeInvis .     - Unarmed
rCold    . . .     Faith    .   (no shield)
rNeg     . . .     Spirit   .   a - +0 robe
rPois    .         Reflect  .   (helmet restricted)
rElec    .         Harm     .   (no cloak)
rCorr    .         Rampage  .   (gloves unavailable)
Will     .....                  (boots unavailable)
Stlth    +.........             (no amulet)
HPRegen  1.08/turn              (no ring)
MPRegen  0.08/turn              (no ring)

@: no status effects
A: large, unfitting armour, claws 3, regeneration 1, shaggy fur 1, tough skin 1
a: Renounce Religion, Animate Remains


You were on level 2 of the Dungeon.
You worshipped Yredelemnul.
Yredelemnul was aware of your devotion.
You visited 1 branch of the dungeon, and saw 2 of its levels.

You collected 1 gold pieces.

Inventory:

Armour
 a - a +0 robe (worn)
Scrolls
 d - a scroll of identify {unknown}
Potions
 b - 2 potions of curing {unknown}
 c - a potion of haste {unknown}
 e - a potion of lignification {unknown}


   Skills:
 + Level 0.9 Fighting
 - Level 1.5 Dodging
 - Level 1.0 Stealth
 * Level 2.0 Unarmed Combat
 - Level 1.2 Spellcasting
 - Level 2.9 Summonings


You had 2 spell levels left.
You knew the following spells:

 Your Spells              Type           Power      Damage    Failure   Level
a - Summon Small Mammal   Summ           28%        N/A       10%         1

Your spell library contained the following spells:

 Spells                   Type           Power      Damage    Failure   Level
 Call Imp                 Summ           7%         N/A       14%         2
 Call Canine Familiar     Summ           7%         N/A       28%         3
 Summon Guardian Golem    Hex/Summ       3%         N/A       45%         3
 Summon Lightning Spire   Summ/Air       3%         N/A       86%         4


Dungeon Overview and Level Annotations

Branches:
Dungeon (2/15)

Altars:
Yredelemnul


Innate Abilities, Weirdness & Mutations

You are too large for most types of armour.
You have claws for hands.
Your natural rate of healing is unusually fast.
You are covered in fur. (AC +1)
You have tough skin. (AC +1)


Message History

The jackal closely misses you. x2
You fail to use your ability.
The jackal bites you. The jackal closely misses you.
You attempt to give life to the dead...
The dead are walking!
The jackal closely misses you.
The jackal bites you but does no damage. x2
The jackal closely misses you.
You barely miss the jackal. The jackal barely misses you.
The jackal closely misses you.
Your jackal zombie barely misses the jackal.
You claw the jackal!
You kill the jackal!
Yredelemnul accepts your kill. The jackal closely misses you.
Your jackal zombie bites the jackal but does no damage.
The jackal barely misses you.
Your Unarmed Combat skill increases to level 2!
You barely miss the jackal. You claw the jackal.
You kill the jackal!
Yredelemnul accepts your kill.
You see here a jackal corpse.
You attempt to give life to the dead...
The dead are walking!
Magic restored.
Found 8 arrows.
Found a stone staircase leading up.
A gnoll comes into view. It is wielding a +0 halberd.
The gnoll hits you from afar with a +0 halberd.
A gnoll comes into view. It is wielding a +0 spear.
The gnoll hits you with a +0 halberd!
You barely miss the gnoll. The gnoll misses you.
You claw the gnoll!
The gnoll is almost dead.
The gnoll hits you with a +0 halberd!
* * * LOW HITPOINT WARNING * * *
You closely miss the gnoll.
The gnoll is almost dead.
The gnoll closely misses you.
The gnoll hits you from afar with a +0 spear.
You die...
Your body rises from the dead as a mindless zombie.

# #.
...#..##########
.....gg@ZZ.....#
..##..########.#
#. #Z# #
#.#########
#..........
#......####
#.###...... #.#
#..####
###.###..# #.


You could see 2 gnolls and 2 friendly jackal zombies.

Vanquished Creatures
  4 ball pythons (D:1)
  2 bats (D:1)
  3 giant cockroaches (D:1)
  A hobgoblin (D:1)
  4 jackals (D:2)
  A kobold (D:1)
  2 quokkas (D:1)
  2 goblins (D:1)
  A rat (D:1)
20 creatures vanquished.

Notes
Turn   | Place    | Note
-------+----------+-------------------------------------------
     0 | D:1      | Spaninq the Troll Summoner began the quest for the Orb.
     0 | D:1      | Reached XP level 1. HP: 16/16 MP: 1/1
   147 | D:1      | Reached skill level 1 in Unarmed Combat
   147 | D:1      | Found a faded altar of an unknown god.
   158 | D:1      | Became a worshipper of Yredelemnul the Dark
   158 | D:1      | Reached * piety under Yredelemnul
   187 | D:1      | Reached XP level 2. HP: 26/26 MP: 2/2
   861 | D:2      | Slain by a gnoll

Illustrated notes

Levels and vault maps discovered:
D:1:      psy_arrival_radial01, layout_basic, basic_ecumenical_altar
D:2:      layout_loops_ring, basic_altar

Skill      XL: |  1  2 |
---------------+-------+-----
Unarmed Combat | 1 2 |  2.0
Fighting       | |  0.9
Dodging        | |  1.5
Stealth        | |  1.0
Spellcasting   | |  1.2
Summonings     | |  2.9

Action                   || total
-------------------------++-------
Melee: Unarmed           ||    55
       Punch             ||     1
Invok: Animate Remains   ||     8
 Stab: Sleeping          ||     1
Armor: Robe              ||    27
Dodge: Dodged            ||    42
